 Dungeon Crawl Stone Soup version 0.28-a0-1510-gd0f6b136d3 (webtiles) character file.

Game seed: 16742094806141424781

640 gimp the Cleaver (level 7, 0/64 HPs)
             Began as a Hill Orc Fighter on Jan 14, 2022.
             Was an Initiate of Okawaru.
             Slain by a killer bee (7 damage)
             ... on level 5 of the Dungeon.
             The game lasted 00:03:51 (3406 turns).

gimp the Cleaver (Hill Orc Fighter)                 Turns: 3406, Time: 00:03:52

Health: 0/64       AC:  2    Str: 21    XL:     7   Next: 51%
Magic:  8/8        EV:  8    Int:  8    God:    Okawaru [......]
Gold:   114        SH:  8    Dex: 10    Spells: 6/6 levels left

rFire   . . .      SeeInvis .   a - +0 war axe
rCold   . . .      Faith    .   v - +0 kite shield
rNeg    . . .      Spirit   .   b - +0 scale mail
rPois   +          Reflect  .   (no helmet)
rElec   .          Harm     .   (no cloak)
rCorr   .          Rampage  .   (no gloves)
Will    .....                   (no boots)
Stlth   ..........              (no amulet)
HPRegen 0.20/turn               k - +4 ring of protection
MPRegen 0.11/turn               s - ring of poison resistance

@: corroded
A: no striking features
a: Renounce Religion


You were on level 5 of the Dungeon.
You worshipped Okawaru.
Okawaru was noncommittal.
You visited 1 branch of the dungeon, and saw 5 of its levels.

You collected 114 gold pieces.

Inventory:

Hand Weapons
 a - a +0 war axe (weapon)
Missiles
 e - a throwing net (quivered)
 w - 2 poisoned darts
Armour
 b - a +0 scale mail (worn)
 v - a +0 kite shield (worn)
Jewellery
 k - a +4 ring of protection (left hand)
 o - a ring of fire
 s - a ring of poison resistance (right hand)
Scrolls
 f - a scroll of noise {unknown}
 g - 2 scrolls of enchant weapon {unknown}
 i - a scroll of immolation {unknown}
 j - a scroll of brand weapon {unknown}
 m - a scroll of enchant armour {unknown}
 n - a scroll of teleportation {unknown}
 p - a scroll of vulnerability {unknown}
 q - 3 scrolls of identify {unknown}
 r - a scroll of silence {unknown}
Potions
 c - a potion of flight {unknown}
 d - a potion of might
 h - a potion of haste {unknown}
 l - a potion of lignification {unknown}
 t - 2 potions of curing {unknown}
 u - 2 potions of attraction {unknown}


   Skills:
 + Level 6.4 Fighting
 * Level 8.7 Axes
 - Level 3.2 Armour
 - Level 3.2 Shields
 + Level 1.8 Invocations


You had 6 spell levels left.
You didn't know any spells.
Your spell library contained the following spells:

 Spells                   Type           Power      Damage    Failure   Level
 Beastly Appendage        Tmut           0%         N/A       98%         1
 Pain                     Necr           0%         1d4       98%         1
 Sting                    Tmut/Pois      0%         1d3       98%         1
 Poisonous Vapours        Pois/Air       0%         N/A       99%         2
 Wereblood                Tmut           0%         N/A       99%         2
 Ozocubu's Armour         Ice            0%         N/A       100%        3
 Spider Form              Tmut/Pois      0%         N/A       100%        3
 Vampiric Draining        Necr           0%         2d6       100%        3
 Olgreb's Toxic Radiance  Pois           0%         N/A       100%        4
 Ozocubu's Refrigeration  Ice            0%         4d5       100%        7
 Animate Skeleton         Necr           Unusable   N/A       N/A         1

Dungeon Overview and Level Annotations

Branches:
Dungeon (5/15)
 Temple: D:4-7

Altars:
Okawaru
Trog


Message History

You block the killer bee's attack.
You take 2 damage, and have 36/64 hp.
You hit the jelly.
Your hands burn!
The jelly is severely wounded.
You hit the killer bee but do no damage.
You block the killer bee's attack. The jelly barely misses you.
The killer bee closely misses you.
You take 5 damage, and have 31/64 hp.
You slash the jelly!
You kill the jelly!
Okawaru accepts your kill.
You barely miss the killer bee. You block the killer bee's attack.
The killer bee stings you.
A killer bee comes into view.
You block the killer bee's attack.
You take 4 damage, and have 27/64 hp.
You closely miss the killer bee.
The killer bee is moderately wounded.
The killer bee buzzes angrily.
The killer bee stings you! The killer bee barely misses you.
You take 6 damage, and have 21/64 hp.
The killer bee stings you.
* * * LOW HITPOINT WARNING * * *
There is an open door here.
You take 4 damage, and have 17/64 hp.
The killer bee stings you but does no damage.
You hit the killer bee.
The killer bee is heavily wounded.
You block the killer bee's attack.
The killer bee stings you but does no damage.
MP restored: 8 You barely miss the killer bee.
You block the killer bee's attack. x2
You hit the killer bee but do no damage.
You block the killer bee's attack. The killer bee barely misses you.
You barely miss the killer bee. The killer bee stings you.
* * * LOW HITPOINT WARNING * * *
The killer bee stings you.
* * * LOW HITPOINT WARNING * * *
The killer bee stings you!
You die...

....#####.####..........#
#.(.......####......#..##
#.##########.......##..#
#.# #####+#####†##..# #.#
........# #.##..# #.#
........# #..#..# #.#
......)># ##.#..# #.#
........####....#### ..#
...<..†yy@.......... ###
.......)####....####
###+##### #.#..# #.#..#
#.#..# #.#..# #.# .# #..


You could see 2 killer bees.

Vanquished Creatures
  2 ogres
  A scorpion (D:4)
  A killer bee (D:5)
  3 hounds
  2 orc priests
  A jelly (D:5)
  An orc wizard (D:4)
  A hound zombie (D:5)
  A howler monkey zombie (D:5)
  7 adders
  2 adder skeletons (D:4)
  A dart slug (D:2)
  7 orcs
  7 ball pythons
  8 endoplasms (D:3)
  2 giant cockroaches
  9 hobgoblins
  2 jackals (D:3)
  3 quokkas
  5 bats
  4 frilled lizards
  8 goblins
  4 kobolds
  5 rats
87 creatures vanquished.

Notes
Turn   | Place    | Note
-------+----------+-------------------------------------------
     0 | D:1      | gimp the Hill Orc Fighter began the quest for the Orb.
     0 | D:1      | Reached XP level 1. HP: 19/19 MP: 1/1
    99 | D:1      | Reached skill level 3 in Axes
   247 | D:1      | Reached XP level 2. HP: 27/27 MP: 2/2
   441 | D:1      | Found a faded altar of an unknown god.
   976 | D:2      | Reached skill level 4 in Axes
  1062 | D:2      | Found a bloodstained altar of Trog.
  1067 | D:2      | Reached XP level 3. HP: 33/33 MP: 3/3
  1308 | D:3      | Noticed an ogre
  1317 | D:3      | Killed an ogre
  1318 | D:3      | Reached skill level 5 in Axes
  1318 | D:3      | Reached XP level 4. HP: 38/41 MP: 4/4
  1318 | D:3      | Reached XP level 5. HP: 44/47 MP: 5/5
  1661 | D:3      | Reached skill level 5 in Fighting
  1661 | D:3      | Reached skill level 6 in Axes
  2033 | D:4      | Noticed an ogre
  2041 | D:4      | Killed an ogre
  2042 | D:4      | Reached skill level 7 in Axes
  2042 | D:4      | Reached XP level 6. HP: 23/56 MP: 6/6
  2320 | D:4      | Found an iron altar of Okawaru.
  2366 | D:4      | Reached skill level 8 in Axes
  2366 | D:4      | Reached XP level 7. HP: 13/63 MP: 7/7
  2374 | D:4      | HP: 3/63 [poisoned by a scorpion]
  2687 | D:4      | Became a worshipper of Warmaster Okawaru
  3157 | D:5      | Entered Level 5 of the Dungeon
  3222 | D:5      | Reached skill level 1 in Invocations
  3406 | D:5      | Slain by a killer bee

Illustrated notes

Levels and vault maps discovered:
D:1:      minmay_arrival_glassed_features, layout_basic, basic_ecumenical_altar,
          minmay_split_cup_large
D:2:      layout_basic, basic_altar, kennysheep_generic_room_15
D:3:      layout_rooms
D:4:      layout_loops_ring, mainiacjoe_overflow_brackets
D:5:      layout_basic, kennysheep_pointless_box

Skill      XL: |  1  2  3  4  5  6  7 |
---------------+----------------------+-----
Axes           | 3 4 5 7 8 |  8.7
Fighting       | 4 5 6 |  6.4
Invocations    | 1 |  1.8
Armour         | |  3.2
Shields        | |  3.2

Action                   |  1- 3 |  4- 6 |  7- 9 || total
-------------------------+-------+-------+-------++-------
Melee: War axe           |    81 |   125 |    42 ||   248
Armor: Scale mail        |    44 |    58 |    19 ||   121
Dodge: Dodged            |    38 |    53 |    29 ||   120
Block: Buckler           |    15 |    27 |     1 ||    43
       Kite shield       |       |       |    26 ||    26

Table legend: (Time is in decaauts)
 A = Elapsed time spent in this place.
 B = Non-inter-level travel time spent in this place.
 C = Inter-level travel time spent in this place.
 D = Time resting spent in this place.
 E = Time spent auto-exploring this place.
 F = Levels seen in this place.
 G = Mean time per level.
                   A        B        C        D        E       F      G
               +--------+--------+--------+--------+--------+-----+--------+
         Total |   3470 |   3369 |    101 |    294 |   2427 |   5 |  694.0 |
       Dungeon |   3470 |   3369 |    101 |    294 |   2427 |   5 |  694.0 |
               +--------+--------+--------+--------+--------+-----+--------+

Top non-repeatable levels by time:
     D:4: 1279 daAuts
     D:1: 954 daAuts
     D:3: 614 daAuts
     D:2: 362 daAuts
     D:5: 258 daAuts
